 Dungeon Crawl Stone Soup version 0.32-a0-909-gc671339a80 (webtiles) character file.

Game seed: 2364802211989199858

171 Fractals the Digger (level 5, 0/41 HPs)
             Began as a Draconian Earth Elementalist on Apr 6, 2024.
             Incinerated by a bombardier beetle (3 damage)
             ... with a burning spray
             ... on level 4 of the Dungeon.
             The game lasted 00:09:52 (2484 turns).

Fractals the Digger (Draconian Earth Elementalist)  Turns: 2484, Time: 00:09:53

Health: 0/41       AC:  5    Str: 10    XL:     5   Next: 26%
Magic:  7/9        EV: 11    Int: 18    God:
Gold:   87         SH:  0    Dex: 11    Spells: 6/10 levels left

rFire   . . .        f - +3 dagger (venom)
rCold   . . .        (no shield)
rNeg    . . .        (body armour unavailable)
rPois   .            (helmet restricted)
rElec   .            (no cloak)
rCorr   .            (no gloves)
SInv    .            (no boots)
Will    .....        (no amulet)
Stlth   +            (no ring)
HPRegen 0.26/turn    (no ring)
MPRegen 0.11/turn

%: no passive effects
@: on fire, glowing
A: AC +5, unfitting armour, cold-blooded
a: no special abilities


You were on level 4 of the Dungeon.
You visited 1 branch of the dungeon, and saw 4 of its levels.

You collected 87 gold pieces.

Inventory:

Hand Weapons
 f - a +3 dagger of venom (weapon)
Missiles
 o - a throwing net
Wands
 m - a wand of roots (11)
Scrolls
 d - a scroll of enchant weapon
 e - a scroll of teleportation
 l - a scroll of fear
 n - a scroll of noise {unknown}
 p - a scroll of immolation {unknown}
 q - a scroll of poison {unknown}
 r - a scroll of blinking {unknown}
 s - a scroll of amnesia {unknown}
Potions
 a - 2 potions of magic
 b - 2 potions of curing
 c - a potion of resistance {unknown}
 g - a potion of mutation {unknown}
 h - a potion of cancellation {unknown}
 i - a potion of brilliance {unknown}
 j - 2 potions of haste
 k - 4 potions of enlightenment


   Skills:
 - Level 2.0 Fighting
 - Level 1.7 Dodging
 - Level 3.0 Stealth
 + Level 3.3 Spellcasting
 - Level 1.0 Conjurations
 + Level 4.0 Earth Magic


You had 6 spell levels left.
You knew the following spells:

 Your Spells              Type           Power      Damage    Failure   Level
a - Sandblast             Erth           34%        2d9       3%          1
b - Passwall              Erth           17%        N/A       9%          3

Your spell library contained the following spells:

 Spells                   Type           Power      Damage    Failure   Level
 Summon Small Mammal      Summ           8%         N/A       16%         1
 Stone Arrow              Conj/Erth      24%        3d8       17%         3
 Call Canine Familiar     Summ           2%         N/A       43%         3
 Brom's Barrelling Bould  Conj/Erth      12%        2d4       50%         4
 Petrify                  Alch/Erth      10%        N/A       56%         4
 Summon Blazeheart Golem  Fire/Summ      2%         N/A       85%         4


Dungeon Overview and Level Annotations

Branches:
Dungeon (4/15)
 Temple: D:4-7

Altars:
Xom

Shops:
D:3 =


Innate Abilities, Weirdness & Mutations

Your plain brown scales are hard. (AC +5)
You cannot fit into any form of body armour.
You are cold-blooded and may be slowed by cold attacks.


Message History

The burning spray hits you.
You are even more covered in liquid fire!
You shake off some of the fire as you move.
The liquid fire burns you!
The bombardier beetle barely misses you.
You are too injured to fight recklessly!
You are too injured to fight recklessly!
You are too injured to fight recklessly!
Unknown command.
You hit the bombardier beetle.
The bombardier beetle is poisoned.
The bombardier beetle is heavily wounded.
The liquid fire burns you!
You hit the bombardier beetle.
The bombardier beetle looks as sick as possible!
The bombardier beetle is heavily wounded.
The liquid fire burns you!
* * * LOW HITPOINT WARNING * * *
The bombardier beetle misses you.
Unknown command.
You hit the bombardier beetle but do no damage.
The bombardier beetle is almost dead.
The liquid fire burns you!
* * * LOW HITPOINT WARNING * * *
You kill the bombardier beetle!
Your Earth Magic skill increases to level 4!
You have reached level 5!
You feel better. The liquid fire burns you!
* * * LOW HITPOINT WARNING * * *
Aiming: Sandblast (safe; 3% risk of failure)
Press: ? - help, Q - select action, (/) - cycle Shift-Dir - straight line, f - giant cockroach
Aim: a giant cockroach (82% to hit)
The blast of sand hits the giant cockroach.
You kill the giant cockroach!
The liquid fire burns you!
* * * LOW HITPOINT WARNING * * *
The liquid fire burns you!
* * * LOW HITPOINT WARNING * * *
The liquid fire burns you!
You die...

##....# #...##.
.....#
#............#
###.....#.....##
........##.....##
#.....)#.......##
#..≈≈..#..†......
#..≈≈....@#
##..≈≈...###
...!≈≈..##
....≈≈..#
≈≈≈≈≈≈..#
≈≈≈≈≈≈..#######
..............##
........#####..##
######### ##..##


There were no monsters in sight!

Vanquished Creatures
  A bombardier beetle (D:4)
  4 gnolls (D:3)
  4 adders
  3 ribbon worms
  A dart slug (D:3)
  7 bats
  7 endoplasms
  4 giant cockroaches
  4 goblins
  4 hobgoblins
  2 quokkas
  2 ball pythons
  5 frilled lizards
  4 kobolds
  7 rats
59 creatures vanquished.

Notes
Turn   | Place    | Note
-------+----------+-------------------------------------------
     0 | D:1      | Fractals the Draconian Earth Elementalist began the quest
                  | for the Orb.
     0 | D:1      | Reached XP level 1. HP: 14/14 MP: 3/3
   183 | D:1      | Reached skill level 1 in Fighting
   230 | D:1      | Reached XP level 2. HP: 23/23 MP: 3/5
   813 | D:2      | Reached XP level 3. HP: 29/29 MP: 3/6
  1016 | D:2      | Learned a level 3 spell: Passwall
  1515 | D:3      | Found Wipesuex's Jewellery Boutique.
  1533 | D:3      | Found a faded altar of an unknown god.
  1741 | D:3      | Reached XP level 4. HP: 36/36 MP: 5/7
  1841 | D:3      | Found a shimmering altar of Xom.
  2481 | D:4      | Reached skill level 4 in Earth Magic
  2481 | D:4      | Reached XP level 5. HP: 7/41 MP: 7/9
  2483 | D:4      | HP: 2/41 [burnt (3)]
  2484 | D:4      | Incinerated by a bombardier beetle

Illustrated notes

Levels and vault maps discovered:
D:1:      orjb1_lava_funnel, layout_basic
D:2:      layout_basic
D:3:      layout_basic, xom_teletrap_fun,
          hellmonk_ecumenical_altar_pennies_from_heaven, serial_shops,
          nicolae_shop_tiny_statue_garden
D:4:      layout_layer_cave, mainiacjoe_overflow_chevrons

Skill      XL: |  1  2  3  4 |
---------------+-------------+-----
Stealth        | 2 3 |  3.0
Fighting       | 1 2 |  2.0
Spellcasting   | 3 |  3.3
Earth Magic    | 4 |  4.0
Dodging        | |  1.7
Conjurations   | |  1.0

Action                     |  1- 3 |  4- 6 || total
---------------------------+-------+-------++-------
  Melee: Short sword       |    23 |       ||    23
         Tailslap          |     7 |     1 ||     8
         Dagger            |    39 |    16 ||    55
   Cast: Sandblast         |    31 |    17 ||    48
    Use: Scroll            |     2 |     5 ||     7
         Potion            |       |     1 ||     1
   Stab: Sleeping          |     4 |     2 ||     6
 Armour: Skin              |    29 |    10 ||    39
  Dodge: Dodged            |    30 |     7 ||    37

Table legend: (Time is in decaauts)
 A = Elapsed time spent in this place.
 B = Non-inter-level travel time spent in this place.
 C = Inter-level travel time spent in this place.
 D = Time resting spent in this place.
 E = Time spent auto-exploring this place.
 F = Levels seen in this place.
 G = Mean time per level.
                   A        B        C        D        E       F      G
               +--------+--------+--------+--------+--------+-----+--------+
         Total |   2514 |   2434 |     80 |    245 |   1268 |   4 |  628.5 |
       Dungeon |   2514 |   2434 |     80 |    245 |   1268 |   4 |  628.5 |
               +--------+--------+--------+--------+--------+-----+--------+

Top non-repeatable levels by time:
     D:3: 1023 daAuts
     D:1: 703 daAuts
     D:2: 520 daAuts
     D:4: 267 daAuts
